 Dungeon Crawl Stone Soup version 0.31-a0-1388-g4b2ba238e7 (webtiles) character file.

Game seed: 18278645686167941566

153 BigPumpCobain the Ruffian (level 5, -1/60 HPs)
             Began as a Draconian Shapeshifter on Dec 25, 2023.
             Slain by a gnoll
             ... wielding a +0 mace
              (8 damage)
             ... on level 3 of the Dungeon.
             The game lasted 00:03:33 (2026 turns).

BigPumpCobain the Ruffian (Draconian Shapeshifter)  Turns: 2026, Time: 00:03:34

Health: -1/60      AC: 22    Str: 18    XL:     5   Next: 12%
Magic:  5/5        EV:  2    Int: 10    God:
Gold:   120        SH:  0    Dex: 11    Spells: 4/4 levels left

rFire   . .          .
                       - Unarmed
rCold   . . .        (no shield)
rNeg    . . .        (body armour unavailable)
rPois   +            (helmet currently unavailable)
rElec   .            (cloak currently unavailable)
rCorr   .            (gloves currently unavailable)
SInv    .            (boots currently unavailable)
Will    .....        (no amulet)
Stlth   +            (no ring)
HPRegen 0.30/turn    (no ring)
MPRegen 0.09/turn

%: no passive effects
@: tree-form (expiring)
A: stationary, stasis, torment immunity, boosted hp, AC +5, unfitting armour,
(cold-blooded)
a: no special abilities


You were on level 3 of the Dungeon.
You were a tree.
You visited 1 branch of the dungeon, and saw 3 of its levels.

You collected 120 gold pieces.

Inventory:

Jewellery
 i - a +4 ring of protection
Talismans
 b - a beast talisman
 c - a flux talisman
Scrolls
 e - a scroll of identify {unknown}
 f - a scroll of teleportation {unknown}
 g - a scroll of fear {unknown}
 k - a scroll of enchant weapon {unknown}
 l - a scroll of revelation {unknown}
Potions
 d - a potion of haste {unknown}
 h - a potion of berserk rage {unknown}
 j - a potion of resistance {unknown}


   Skills:
 - Level 1.1 Fighting
 - Level 1.7 Dodging
 + Level 5.9 Unarmed Combat
 - Level 3.0 Shapeshifting


You had 4 spell levels left.
You didn't know any spells.
Your spell library was empty.

Dungeon Overview and Level Annotations

Branches:
Dungeon (3/15)

Altars:


Innate Abilities, Weirdness & Mutations

You are a tree.
Your roots penetrate the ground, keeping you stationary.
You cannot be teleported.
You are immune to unholy pain and torment.
Your maximum health is greatly increased.
Your equipment is partially melded.
((Your plain brown scales are hard. (AC +5)))
You cannot fit into any form of body armour.
((You are cold-blooded and may be slowed by cold attacks.))


Message History

The orc wizard hits you but does no damage.
You smack the orc wizard!
You kill the orc wizard!
You have reached level 5!
You are too confused!
You feel less confused. The gnoll hits you but does no damage.
The gnoll hits you with a +0 flail.
* * * LOW HITPOINT WARNING * * *
The gnoll hits you but does no damage.
You hit the gnoll.
The gnoll is lightly wounded.
The gnoll hits you with a +0 flail.
* * * LOW HITPOINT WARNING * * *
The gnoll hits you from afar with a +0 spear.
* * * LOW HITPOINT WARNING * * *
You completely miss the gnoll.
The gnoll is lightly wounded.
The gnoll hits you but does no damage. The gnoll barely misses you.
You closely miss the gnoll.
The gnoll is lightly wounded.
The gnoll hits you but does no damage. x2
You barely miss the gnoll.
The gnoll is lightly wounded.
The gnoll hits you but does no damage. x2
You smack the gnoll!
The gnoll is severely wounded.
The gnoll hits you but does no damage. x2
You smack the gnoll!
You kill the gnoll!
The gnoll hits you but does no damage.
You smack the orc!
You kill the orc!
The gnoll hits you but does no damage.
You swing at nothing.
The gnoll hits you but does no damage.
You hit the gnoll.
The gnoll is moderately wounded.
Your transformation is almost over.
The gnoll hits you but does no damage. The gnoll hits you with a +0 mace!
You die...

#.##.##.# #.#......
#.#.#.#.#####.#######
#..#..........#
#.#...#.#######
#.##<##.# #.......#
####.#### #.# #♣# #g#
# #go..o.# # ###.##.#
# .# # . # #. # .. #
.# #


You could see 2 gnolls and an orc.

Vanquished Creatures
  An orc wizard (D:3)
  2 gnolls
  5 adders
  A dart slug (D:3)
  3 orcs (D:3)
  7 ball pythons
  5 endoplasms
  3 giant cockroaches
  3 goblins
  7 hobgoblins
  4 jackals (D:3)
  5 kobolds
  A quokka (D:1)
  5 bats
  3 frilled lizards (D:2)
  4 rats
59 creatures vanquished.

Notes
Turn   | Place    | Note
-------+----------+-------------------------------------------
     0 | D:1      | BigPumpCobain the Draconian Shapeshifter began the quest
                  | for the Orb.
     0 | D:1      | Reached XP level 1. HP: 16/16 MP: 1/1
   381 | D:1      | Reached XP level 2. HP: 23/23 MP: 2/2
   640 | D:1      | Reached skill level 4 in Unarmed Combat
   640 | D:1      | Reached XP level 3. HP: 23/28 MP: 3/3
  1218 | D:2      | Reached XP level 4. HP: 35/35 MP: 4/4
  1677 | D:3      | Reached skill level 5 in Unarmed Combat
  2016 | D:3      | Reached XP level 5. HP: 14/40 MP: 5/5
  2026 | D:3      | Slain by a gnoll

Illustrated notes

Levels and vault maps discovered:
D:1:      shiori_arrival_elements, layout_loops_corners
D:2:      layout_loops_cross
D:3:      minmay_chambers_of_threes, layout_loops_cross, uniq_terence,
          uniq_robin, uniq_jessica

Skill      XL: |  1  2  3  4 |
---------------+-------------+-----
Unarmed Combat | 4 5 |  5.9
Fighting       | |  1.1
Dodging        | |  1.7
Shapeshifting  | |  3.0

Action                     |  1- 3 |  4- 6 || total
---------------------------+-------+-------++-------
  Melee: Unarmed           |    84 |    66 ||   150
         Punch             |     2 |       ||     2
         Tailslap          |     7 |     4 ||    11
    Use: Potion            |       |     1 ||     1
   Stab: Sleeping          |       |     1 ||     1
 Armour: Skin              |    40 |    53 ||    93
  Dodge: Dodged            |    48 |    31 ||    79

Table legend: (Time is in decaauts)
 A = Elapsed time spent in this place.
 B = Non-inter-level travel time spent in this place.
 C = Inter-level travel time spent in this place.
 D = Time resting spent in this place.
 E = Time spent auto-exploring this place.
 F = Levels seen in this place.
 G = Mean time per level.
                   A        B        C        D        E       F      G
               +--------+--------+--------+--------+--------+-----+--------+
         Total |   2012 |   1933 |     79 |      0 |   1604 |   3 |  670.7 |
       Dungeon |   2012 |   1933 |     79 |      0 |   1604 |   3 |  670.7 |
               +--------+--------+--------+--------+--------+-----+--------+

Top non-repeatable levels by time:
     D:1: 945 daAuts
     D:2: 708 daAuts
     D:3: 358 daAuts
